 Dungeon Crawl Stone Soup version 0.29-a0-344-ge2f44be95a (webtiles) character file.

Game seed: 12742073305901247738

237 bande the Skirmisher (level 6, -2/38 HPs)
             Began as a Gargoyle Fighter on Apr 22, 2022.
             Slain by a gnoll
             ... wielding a +0 flail
              (8 damage)
             ... on level 4 of the Dungeon.
             The game lasted 00:07:43 (2479 turns).

bande the Skirmisher (Gargoyle Fighter)             Turns: 2479, Time: 00:07:43

Health: -2/38      AC: 11    Str: 20    XL:     6   Next: 6%
Magic:  6/6        EV:  9    Int:  8    God:
Gold:   777        SH:  4    Dex: 11    Spells: 5/5 levels left

rFire   . . .      SeeInvis .   a - +1 war axe (vorpal)
rCold   . . .      Faith    +   c - +0 buckler
rNeg    + . .      Spirit   .   b - +0 scale mail
rPois   ∞          Reflect  .   (no helmet)
rElec   +          Harm     .   (no cloak)
rCorr   .          Rampage  .   (no gloves)
Will    .....                   (no boots)
Stlth   ..........              e - amulet of faith
HPRegen 0.12/turn               (no ring)
MPRegen 0.10/turn               (no ring)

@: no status effects
A: sickness immunity, AC +4, negative energy resistance 1, electricity
resistance, torment resistance 1, petrification resistance, mutation resistance
1
a: no special abilities


You were on level 4 of the Dungeon.
You visited 1 branch of the dungeon, and saw 4 of its levels.

You collected 791 gold pieces.
You spent 14 gold pieces at shops.

Inventory:

Hand Weapons
 a - a +1 vorpal war axe (weapon)
Armour
 b - a +0 scale mail (worn)
 c - a +0 buckler (worn)
Jewellery
 e - an amulet of faith (around neck)
 m - an amulet of the acrobat
Wands
 p - a wand of acid (9)
Scrolls
 f - a scroll of fog
 i - a scroll of fear
 j - 3 scrolls of teleportation
 k - a scroll of vulnerability {unknown}
 n - a scroll of amnesia
Potions
 d - a potion of might
 g - a potion of brilliance
 h - 2 potions of resistance
 l - 4 potions of curing
 o - a potion of mutation
 s - a potion of magic


   Skills:
 + Level 4.3 Fighting
 + Level 4.3 Axes
 + Level 3.9 Armour
 + Level 0.5 Stealth
 + Level 3.8 Shields


You had 5 spell levels left.
You didn't know any spells.
Your spell library contained the following spells:

 Spells                   Type           Power      Damage    Failure   Level
 Passage of Golubria      Tloc           0%         N/A       100%        4
 Summon Ice Beast         Ice/Summ       0%         N/A       100%        4
 Silence                  Hex/Air        0%         N/A       100%        5
 Summon Mana Viper        Hex/Summ       0%         N/A       100%        5
 Monstrous Menagerie      Summ           0%         N/A       100%        7
 Lehudib's Crystal Spear  Conj/Erth      0%         10d2      100%        8


Dungeon Overview and Level Annotations

Branches:
Dungeon (4/15)             Temple (0/1) D:4

Altars:
Cheibriados
Fedhas
Gozag
Nemelex Xobeh
Vehumet
Zin

Shops:
D:3 !


Innate Abilities, Weirdness & Mutations

You are immune to sickness and miasma.
Your stone body is resilient. (AC +4)
You are immune to poison.
You resist negative energy. (rN+)
You are resistant to electric shocks. (rElec)
You are resistant to unholy torment.
You are immune to petrification.
You are somewhat resistant to further mutation.


Message History

The gnoll hits you but does no damage.
You barely miss the gnoll.
The gnoll is almost dead.
The gnoll barely misses you. The gnoll hits you with a +0 spear!
You barely miss the gnoll.
The gnoll is almost dead.
The gnoll completely misses you.
You barely miss the gnoll.
The gnoll is almost dead.
The gnoll barely misses you.
You closely miss the gnoll.
The gnoll is almost dead.
The gnoll hits you with a +0 spear!
* * * LOW HITPOINT WARNING * * *
You slash the gnoll!
You kill the gnoll!
You block the ball python's attack. The ball python grabs you.
The ball python constricts you.
You barely miss the ball python. You block the ball python's attack.
The ball python constricts you.
You hit the ball python.
The ball python is heavily wounded.
The ball python bites you but does no damage.
The ball python constricts you.
The ball python bites you but does no damage.
The ball python constricts you.
You barely miss the ball python.
The ball python is heavily wounded.
The ball python barely misses you. The ball python constricts you.
You closely miss the ball python.
The ball python is heavily wounded.
The ball python bites you but does no damage.
The ball python constricts you. The ball python completely misses you.
The ball python constricts you.
* * * LOW HITPOINT WARNING * * *
You hit the ball python.
You kill the ball python!
You hit the gnoll but do no damage. The gnoll barely misses you.
You hit the gnoll but do no damage. x2; The gnoll hits you with a +0 flail!
You die...

*,#....#...#....###
*,+...#..#.†#...'.##
**#....#...#....#..#
#....##.##....##.#
**#......#^.....#..# **
**,#.............#..# ,**
**,,#.............#..#
,,****,,,#.......).....#..#
,,,,,+,,,#######@#######..#
,,,***,,,.....ggg##.......#
,*,* **,,.....#####.......#
**,* **,....** ###..####
,*,* **...** ##.#
**,*#****#+#* #.# ,,,,,.,*
#.# #.# ,*,**#.* #.# #.#
,,,*##.###.##### #.#


You could see 3 gnolls.

Vanquished Creatures
  A scorpion (D:4)
  A jelly (D:4)
  A gnoll shaman (D:4)
  2 gnolls (D:4)
  3 adders
  2 dart slugs
  3 bats
  4 endoplasms
  2 giant cockroaches (D:1)
  7 goblins
  10 hobgoblins
  4 jackals (D:1)
  4 quokkas
  4 ball pythons
  8 frilled lizards
  2 kobolds
  4 rats
62 creatures vanquished.

Vanquished Creatures (collateral kills)
  An endoplasm (D:3)
  A goblin (D:3)
  A ball python (D:3)
3 creatures vanquished.

Grand Total: 65 creatures vanquished

Notes
Turn   | Place    | Note
-------+----------+-------------------------------------------
     0 | D:1      | bande the Gargoyle Fighter began the quest for the Orb.
     0 | D:1      | Reached XP level 1. HP: 14/14 MP: 1/1
   128 | D:1      | Reached XP level 2. HP: 17/19 MP: 2/2
   413 | D:1      | Reached XP level 3. HP: 22/24 MP: 3/3
  1099 | D:2      | Reached XP level 4. HP: 27/29 MP: 4/4
  1277 | D:3      | Gained mutation: You are somewhat resistant to further
                  | mutation. [potion of mutation]
  1417 | D:3      | Found Guskuor's Distillery.
  1427 | D:3      | Bought a potion of degeneration for 14 gold pieces
  1762 | D:3      | Found an opulent altar of Gozag.
  1764 | D:3      | Found a sparkling altar of Nemelex Xobeh.
  1764 | D:3      | Found a radiant altar of Vehumet.
  1764 | D:3      | Found a snail-covered altar of Cheibriados.
  1766 | D:3      | Found a blossoming altar of Fedhas.
  1766 | D:3      | Found a glowing silver altar of Zin.
  2110 | D:4      | Identified a scroll of acquirement
  2110 | D:4      | Acquired 655 gold pieces
  2399 | D:4      | Noticed a scorpion
  2400 | D:4      | Reached XP level 5. HP: 29/33 MP: 5/5
  2460 | D:4      | Reached XP level 6. HP: 20/38 MP: 6/6
  2479 | D:4      | Slain by a gnoll

Illustrated notes

Levels and vault maps discovered:
D:1:      noname_arrival_rooms_in_the_neighbourhood, layout_basic
D:2:      layout_basic, st_stairs_10
D:3:      layout_loops_corners, grunt_temple_overflow_open, serial_shops,
          nicolae_lakefront_shop
D:4:      layout_loops_corners, lemuel_doored_altar,
          minmay_temple_entry_statues, minmay_misc_feat_square, minivault_11,
          kennysheep_generic_room_2

Skill      XL: |  1  2  3  4  5 |
---------------+----------------+-----
Axes           | 2 3 4 |  4.3
Fighting       | 4 |  4.3
Armour         | |  3.9
Stealth        | |  0.5
Shields        | |  3.8

Action                   |  1- 3 |  4- 6 || total
-------------------------+-------+-------++-------
Melee: War axe           |    91 |   101 ||   192
  Use: Scroll            |     5 |    13 ||    18
       Potion            |       |     1 ||     1
Armor: Scale mail        |    58 |    56 ||   114
Dodge: Dodged            |    54 |    46 ||   100
Block: Buckler           |    23 |    33 ||    56

Table legend: (Time is in decaauts)
 A = Elapsed time spent in this place.
 B = Non-inter-level travel time spent in this place.
 C = Inter-level travel time spent in this place.
 D = Time resting spent in this place.
 E = Time spent auto-exploring this place.
 F = Levels seen in this place.
 G = Mean time per level.
                   A        B        C        D        E       F      G
               +--------+--------+--------+--------+--------+-----+--------+
         Total |   2555 |   2555 |      0 |      0 |   1942 |   4 |  638.8 |
       Dungeon |   2555 |   2555 |      0 |      0 |   1942 |   4 |  638.8 |
               +--------+--------+--------+--------+--------+-----+--------+

Top non-repeatable levels by time:
     D:1: 891 daAuts
     D:3: 840 daAuts
     D:2: 426 daAuts
     D:4: 397 daAuts
